 Dungeon Sprint DCSS version 0.21.1-1-g345015f (webtiles) character file.

25 KristoblXynda the Skirmisher (level 3, -10/63 HPs)
             Began as an Ogre Berserker on July 25, 2018.
             Was a Priest of Trog.
             Mangled by a two-headed ogre
             ... wielding a +0 giant club
              (12 damage)
             ... in the Dungeon (Sprint IX: "|||||||||||||||||||||||||||||").
             The game lasted 00:01:39 (368 turns).

KristoblXynda the Skirmisher (Ogre Berserker)        Turns: 368, Time: 00:01:39

Health: -10/63     AC:  6    Str: 29    XL:     3   Next: 6%
Magic:  3/3        EV: 11    Int:  8    God:    Trog [***...]
Gold:   0          SH:  0    Dex:  9    Spells: 2/2 levels left

rFire    . . .     SeeInvis .   m - +2 dire flail (crush)
rCold    . . .     Gourm    .   (shield currently unavailable)
rNeg     . . .     Faith    .   b - +0 animal skin
rPois    .         Spirit   .   (helmet restricted)
rElec    .         Reflect  .   a - +0 cloak
rCorr    .         Harm     .   (gloves unavailable)
MR       .....     NoTele   +   (boots unavailable)
Stlth    ..........             (no amulet)
HPRegen  0.20/turn              n - +2 ring of protection
MPRegen  0.08/turn              o - +3 ring of strength

@: berserking, very quick
A: large, unfitting armour, tough skin 1
a: Berserk, Trog's Hand, Burn Spellbooks, Renounce Religion


You were in the Dungeon.
You worshipped Trog.
Trog was most pleased with you.
You were not hungry.

You visited 1 branch

Inventory:

Hand Weapons
 m - a +2 dire flail of crushing (weapon)
Armour
 a - a +0 cloak (worn)
 b - a +0 animal skin (worn)
Jewellery
 n - a +2 ring of protection (left hand)
 o - a +3 ring of strength (right hand)
Wands
 l - a wand of iceblast (10)
Scrolls
 i - 2 scrolls of blinking
 k - 3 scrolls of remove curse
Potions
 d - 5 potions of curing
 e - 3 potions of heal wounds
 f - a potion of haste
 g - 4 potions of magic
 h - a potion of berserk rage
 j - a potion of invisibility
Comestibles
 c - a ration


   Skills:
 + Level 5.5 Fighting
 * Level 4.6 Maces & Flails
 + Level 3.7 Dodging


You had 2 spell levels left.
You didn't know any spells.

Dungeon Overview and Level Annotations

Branches:
Dungeon (1/1)

Altars:
Cheibriados
Dithmenos
Elyvilon
Fedhas
Gozag
Hepliaklqana
Kikubaaqudgha
Makhleb
Nemelex Xobeh
Okawaru
Qazlal
Ru
Sif Muna
Trog
Uskayaw
Vehumet
Wu Jian
Xom
Yredelemnul
Zin
The Shining One
Beogh
Jiyva
Lugonu


Innate Abilities, Weirdness & Mutations

You are too large for most types of armour.
You have tough skin. (AC +1)


Message History

You finish putting on your +0 cloak.
Evoke which item? (* to show all) (? for menu, Esc to quit)
Okay, then.
You open the door.
An ice beast, a big kobold, 2 orcs, a centaur and a two-headed ogre come into view.
The two-headed ogre shouts in stereo!
The orc shouts!
The centaur shouts!
The orc warrior shouts!
A red film seems to cover your vision as you go berserk!
You feel yourself moving faster!
You feel mighty!
You feel a lot more hungry.
The two-headed ogre hits you with a giant club!!
The two-headed ogre hits you with a giant club!
You barely miss the two-headed ogre.
The two-headed ogre hits you with a giant club!
The two-headed ogre hits you with a giant club!!
* * * LOW HITPOINT WARNING * * *
You barely miss the two-headed ogre. You bludgeon the two-headed ogre!!
The two-headed ogre is severely wounded.
The two-headed ogre hits you with a giant club!
You die... ▓▓▓▓▓▓▓▓▓▓▓▓▓▓▓▓▓▓▓▓▓▓▓▓ _______'.?|)[.[.@OKYoc.o ▓▓▓▓▓▓▓▓▓▓▓▓▓▓▓▓▓▓▓▓▓▓▓▓

You could see a two-headed ogre, an orc warrior, an ice beast, a big kobold, a centaur and an orc.

Vanquished Creatures
  An adder (D)
  A shadow imp (D)
  A leopard gecko (D)
  A bat zombie (D)
  A goblin (D)
  A kobold (D)
  A ball python skeleton (D)
  A bat (D)
  A frilled lizard (D)
  A rat (D)
10 creatures vanquished.

Notes
Turn   | Place    | Note
-------+----------+-------------------------------------------
     0 | D        | KristoblXynda the Ogre Berserker began the quest for the Orb.
     0 | D        | Reached XP level 1. HP: 24/24 MP: 1/1
    13 | D        | Reached ** piety under Trog
    44 | D        | Reached skill level 5 in Fighting
    44 | D        | Reached XP level 2. HP: 27/35 MP: 2/2
    48 | D        | Reached *** piety under Trog
    60 | D        | Reached XP level 3. HP: 13/42 MP: 3/3
   307 | D        | Found a roughly hewn altar of Beogh.
   307 | D        | Found a snail-covered altar of Cheibriados.
   307 | D        | Found a shadowy altar of Dithmenos.
   307 | D        | Found a white marble altar of Elyvilon.
   307 | D        | Found a blossoming altar of Fedhas.
   307 | D        | Found an opulent altar of Gozag.
   308 | D        | Found a hazy altar of Hepliaklqana.
   309 | D        | Found a viscous altar of Jiyva.
   310 | D        | Found an ancient bone altar of Kikubaaqudgha.
   311 | D        | Found a corrupted altar of Lugonu.
   312 | D        | Found a burning altar of Makhleb.
   313 | D        | Found a sparkling altar of Nemelex Xobeh.
   314 | D        | Found an iron altar of Okawaru.
   315 | D        | Found a stormy altar of Qazlal.
   316 | D        | Found a sacrificial altar of Ru.
   317 | D        | Found a deep blue altar of Sif Muna.
   318 | D        | Found a bloodstained altar of Trog.
   319 | D        | Found a hide-covered altar of Uskayaw.
   320 | D        | Found a radiant altar of Vehumet.
   321 | D        | Found an ornate altar of the Wu Jian Council.
   322 | D        | Found a shimmering altar of Xom.
   323 | D        | Found a basalt altar of Yredelemnul.
   324 | D        | Found a glowing silver altar of Zin.
   325 | D        | Found a glowing golden altar of the Shining One.
   364 | D        | Noticed a two-headed ogre
   364 | D        | Noticed a big kobold
   364 | D        | Noticed an ice beast
   364 | D        | Noticed a centaur
   364 | D        | Noticed an orc warrior
   366 | D        | HP: 2/63 [two-headed ogre/giant club (19)]
   368 | D        | Mangled by a two-headed ogre

Skill      XL: |  1 |
---------------+----+-----
Maces & Flails | 4 |  4.6
Dodging        | 3 |  3.7
Fighting       | 5 |  5.5

Action                   || total
-------------------------++-------
Melee: Mace              ||    37
       Dire flail        ||     3
Invok: Berserk           ||     1
Armor: Animal skin       ||    13
Dodge: Dodged            ||    25
